Map: Echo LE (Void)

Players

Bop - Winner!

  • Race: Terran Terran

AnjunaBeast

  • Race: Zerg Zerg

VOD

Have the link to the VOD?

Description

Time

  • Played on: May 6, 2015, 10:27 p.m.
  • Length: 8:18
Show
View Real Time Build Order
Export as new Build Order

Bop Terran - Winner!

Build Orders: Reaper Expand, Siege Tank Drop 

Get SALT Encoding   

  12  0:01  SCV  
  13  0:13  SCV  
  14  0:17  Supply Depot  
  14  0:25  SCV  
  15  0:38  SCV  
  15  0:42  Barracks  
  16  0:44  Refinery  
  16  0:50  SCV  
  17  1:03  SCV  
  18  1:15  SCV  
  19  1:28  Orbital Command  
  19  1:29  Reaper  
  20  1:39  Command Center  
  20  1:49  Supply Depot  
  21  1:54  SCV  
  21  2:01  Reaper  
  21  2:06  SCV  
  23  2:18  SCV  
  24  2:31  Factory  
  24  2:34  SCV  
  25  2:46  Command Center, SCV  
  25  2:49  Barracks Reactor  
  26  2:52  Orbital Command  
  26  2:53  Refinery  
  27  2:58  SCV  
  27  3:10  SCV  
  28  3:17  Factory Tech Lab  
  28  3:19  SCV  
  29  3:20  Bunker  
  29  3:22  SCV  
  29  3:25  Marine x2  
  32  3:28  Barracks x2  
  32  3:35  Starport  
  32  3:37  SCV  
  32  3:38  SCV  
  34  3:47  Siege Tank  
  37  3:48  Marine x2  
  37  3:50  SCV  
  40  3:55  Engineering Bay  
  40  3:57  SCV  
  41  4:04  Orbital Command  
  41  4:11  Supply Depot  
  41  4:13  Supply Depot  
  41  4:14  Medivac  
  43  4:17  Barracks Reactor  
  43  4:20  Barracks Tech Lab  
  43  4:23  SCV x2  
  45  4:27  Marine  
  46  4:35  SCV x2  
  48  4:39  Marine x2  
  48  4:40  Armory  
  48  4:44  Marine  
  51  4:47  SCV  
  51  4:48  Refinery  
  51  4:49  Refinery  
  52  4:53  SCV  
  52  4:57  Marine x2  
  52  4:59  Marine x2  
  57  5:02  Marine  
  57  5:03  Terran Infantry Weapons Level 1  
  57  5:04  SCV  
  59  5:15  SCV, Marine x2  
  59  5:16  SCV, Marine, Orbital Command  
  59  5:17  Marine  
  65  5:31  SCV  
  65  5:32  SCV, Marine x2  
  65  5:33  Siege Tank, Marine  
  73  5:39  Terran Vehicle and Ship Weapons Level 1  
  73  5:40  Barracks  
  73  5:41  Barracks  
  73  5:42  Marine x2  
  73  5:43  Medivac  
  77  5:56  Supply Depot  
  77  5:57  Supply Depot, SCV x3, Marine  
  77  6:00  Marine x3  
  84  6:05  Siege Tank  
  84  6:08  Marine  
  88  6:13  SCV x3  
  88  6:15  Marine  
  88  6:18  Marine  
  93  6:20  Combat Shields  
  93  6:23  Marine x2  
  95  6:26  Marine  
  95  6:32  Barracks Tech Lab  
  96  6:33  Barracks Reactor  
  96  6:34  Marine  
  96  6:35  Marine  
  98  6:40  Marine  
  98  6:43  Missile Turret  
  98  6:44  Marine x2  
  98  6:46  SCV x3  
  106  6:51  Supply Depot  
  106  6:52  Marine  
  107  6:55  Marine x2  
  107  7:00  SCV x2, Starport Tech Lab  
  109  7:01  Starport Reactor  
  109  7:20  Marine x6  
  115  7:31  Marine x2  
  111  7:38  Marine x4  
  111  7:39  Marine x2  
  117  7:44  SCV, Siege Tank, Supply Depot, Barracks, Medivac x2  
  117  7:45  Supply Depot  
  125  7:51  Barracks  
  136  8:16  Supply Depot  
Show
View Real Time Build Order
Export as new Build Order

AnjunaBeast Zerg 

Build Orders: Hatch First 

Get SALT Encoding   

  12  0:01  Drone  
  13  0:09  Drone  
  14  0:18  Extractor  
  14  0:19  Drone  
  14  0:21  Extractor  
  14  0:23  Drone  
  16  0:43  Hatchery  
  15  0:57  Spawning Pool  
  14  1:05  Overlord  
  14  1:10  Extractor  
  13  1:13  Drone  
  14  1:28  Drone  
  14  1:29  Drone x2  
  17  1:41  Drone  
  17  1:44  Queen  
  20  1:51  Zergling x2  
  21  1:55  Queen  
  21  1:57  Drone  
  24  2:02  Drone  
  24  2:07  Drone  
  26  2:12  Metabolic Boost  
  26  2:19  Overlord  
  26  2:26  Zergling x2  
  26  2:27  Zergling x2  
  27  2:41  Queen  
  27  2:42  Overlord  
  29  2:44  Drone x2  
  29  2:45  Drone  
  32  2:54  Drone  
  33  3:01  Drone x3  
  33  3:02  Drone x2  
  38  3:14  Drone x3  
  38  3:15  Drone x2  
  43  3:37  Hatchery  
  43  3:39  Overlord x2  
  42  3:44  Drone  
  43  3:57  Queen x2  
  47  4:03  Drone  
  47  4:04  Zergling x16  
  47  4:05  Roach Warren  
  55  4:16  Drone  
  56  4:32  Overlord x3  
  56  4:50  Drone x2  
  56  4:51  Evolution Chamber, Drone x6  
  56  4:52  Evolution Chamber, Drone x4, Queen  
  68  5:03  Drone x2  
  68  5:04  Drone x5  
  75  5:10  Overlord x2  
  74  5:28  Drone x4  
  75  5:29  Drone  
  77  5:47  Extractor  
  76  5:50  Extractor  
  76  5:56  Drone x3  
  74  6:01  Hatchery, Drone x3  
  74  6:02  Drone  
  74  6:03  Hatchery, Drone x6  
  74  6:04  Drone x2  
  84  6:05  Zerg Ground Armor Level 1, Zerg Melee Weapons Level 1  
  84  6:06  Lair  
  82  6:12  Extractor  
  82  6:13  Extractor  
  80  6:29  Drone  
  80  6:31  Extractor  
  80  6:45  Zergling x2  
  80  6:46  Zergling x34  
  97  7:01  Drone  
  97  7:06  Spire  
  97  7:13  Baneling Nest, Overlord x2  
  97  7:14  Overlord x5  
  96  7:24  Zergling x2  
  77  7:39  Zergling x14  
  77  7:40  Zergling x20  
Tags
 
Add a new tag
Caveats
  • Supply blocks, unpowered buildings, or Contaminate may cause inaccurate times.
  • Supply counts are checked every 10 seconds.